 Dungeon Crawl Stone Soup version 0.28-a0-872-g80cf8599ee (webtiles) character file.

Game seed: 6696604764725110490

1770 siradein the Soothsayer (level 8, -2/64 HPs)
             Began as a Demonspawn Fighter on Nov 20, 2021.
             Was a Priest of Nemelex Xobeh.
             Engulfed by a steam dragon's steam (8 damage)
             ... on level 7 of the Dungeon.
             The game lasted 00:09:12 (7006 turns).

siradein the Soothsayer (Demonspawn Fighter)        Turns: 7006, Time: 00:09:12

Health: -2/64      AC:  8    Str: 19    XL:     8   Next: 80%
Magic:  12/12      EV: 11    Int: 10    God:    Nemelex Xobeh [***...]
Gold:   329        SH: 13    Dex: 12    Spells: 7/7 levels left

rFire   . . .      SeeInvis .   a - +0 flail
rCold   . . .      Faith    .   C - +0 kite shield
rNeg    . . .      Spirit   .   b - +0 scale mail
rPois   .          Reflect  .   (no helmet)
rElec   .          Harm     .   (no cloak)
rCorr   .          Rampage  .   z - +0 pair of gloves
Will    .....                   (no boots)
Stlth   ..........              p - amulet of regeneration
HPRegen 1.20/turn               q - +4 ring of evasion
MPRegen 0.13/turn               (no ring)

@: mighty
A: large bone plates 1, powered by death 2, powered by pain 1, weakness stinger
1
a: Renounce Religion, Draw Escape, Draw Destruction, Draw Summoning, Triple Draw


You were on level 7 of the Dungeon.
You worshipped Nemelex Xobeh.
Nemelex Xobeh was most pleased with you.
You visited 1 branch of the dungeon, and saw 7 of its levels.

You collected 329 gold pieces.

Inventory:

Hand Weapons
 a - a +0 flail (weapon)
Missiles
 f - 5 atropa-tipped darts
 k - 152 stones
 m - 2 boomerangs
 n - 14 poisoned darts (quivered)
 y - 4 throwing nets
Armour
 b - a +0 scale mail (worn)
 z - a +0 pair of gloves (worn)
 C - a +0 kite shield (worn)
Jewellery
 p - an amulet of regeneration (around neck)
 q - a +4 ring of evasion (left hand)
 r - the amulet of Fozasas {Spirit *Corrode *Slow +Inv rElec}
   (You found it on level 5 of the Dungeon)

   [amulet of guardian spirit]

   It causes incoming damage to be divided between your reserves of health and
   magic.
   rElec:     It insulates you from electricity.
   +Inv:      It lets you turn invisible.
   *Corrode:  It may corrode you when you take damage.
   *Slow:     It may slow you when you take damage.
Wands
 B - a wand of paralysis (7)
Scrolls
 e - a scroll of summoning {unknown}
 g - 5 scrolls of identify {unknown}
 o - a scroll of torment {unknown}
 s - a scroll of immolation {unknown}
 u - a scroll of fog {unknown}
 v - a scroll of teleportation {unknown}
 A - a scroll of fear {unknown}
Potions
 d - a potion of might
 h - 2 potions of brilliance {unknown}
 i - a potion of flight {unknown}
 j - a potion of cancellation {unknown}
 l - a potion of heal wounds {unknown}
 t - 2 potions of curing {unknown}
 w - a potion of resistance {unknown}
 x - 2 potions of berserk rage {unknown}


   Skills:
 + Level 5.9 Fighting
 + Level 5.0 Maces & Flails
 + Level 5.4 Armour
 + Level 5.4 Shields
 + Level 6.0 Invocations


You had 7 spell levels left.
You didn't know any spells.
Your spell library contained the following spells:

 Spells                   Type           Power      Damage    Failure   Level
 Animate Skeleton         Necr           0%         N/A       98%         1
 Pain                     Necr           0%         1d4       98%         1
 Sandblast                Erth           0%         2d4       98%         1
 Slow                     Hex            0%         N/A       98%         1
 Passwall                 Tmut/Erth      0%         N/A       99%         2
 Confusing Touch          Hex            0%         N/A       100%        3
 Stone Arrow              Conj/Erth      0%         3d7       100%        3
 Vampiric Draining        Necr           0%         2d6       100%        3
 Animate Dead             Necr           0%         N/A       100%        4
 Fulminant Prism          Conj/Hex       0%         3d6       100%        4
 Iskenderun's Mystic Bla  Conj/Tloc      0%         2d3       100%        4
 Borgnjor's Vile Clutch   Necr/Erth      0%         N/A       100%        5
 Lee's Rapid Deconstruct  Erth           0%         3d5*      100%        5
 Death Channel            Necr           0%         N/A       100%        6


Dungeon Overview and Level Annotations

Branches:
Dungeon (7/15)             Temple (0/1) D:5

Altars:
Nemelex Xobeh


Innate Abilities, Weirdness & Mutations

You are partially covered in large bone plates. (SH +4)
You regenerate health from kills.
You sometimes gain a little power by taking damage.
You have a small tail.


Message History

You hit the steam dragon.
The steam dragon is lightly wounded.
You block the steam dragon's attack. x2
The steam dragon breathes steam at you. The ball of steam misses you.
You barely miss the steam dragon.
The steam dragon is lightly wounded.
You are engulfed in a cloud of scalding steam.
The steam dragon breathes steam at you. The ball of steam hits you!
You focus on the pain.
You feel very mighty all of a sudden.
You hit the steam dragon but do no damage.
The steam dragon is lightly wounded.
You are engulfed in a cloud of scalding steam.
The steam dragon closely misses you. The steam dragon barely misses you.
You closely miss the steam dragon.
The steam dragon is lightly wounded.
You are engulfed in a cloud of scalding steam.
The steam dragon breathes steam at you. The ball of steam hits you!
You block the steam dragon's attack.
The steam dragon claws you but does no damage.
You block the steam dragon's attack. x2
You sock the steam dragon!
You tail-slap the steam dragon, but do no damage.
The steam dragon is moderately wounded.
The steam dragon breathes steam at you. The ball of steam hits you!
You sock the steam dragon!
The steam dragon is severely wounded.
You are engulfed in a cloud of scalding steam.
* * * LOW HITPOINT WARNING * * *
You block the steam dragon's attack. x2; The steam dragon bites you.
* * * LOW HITPOINT WARNING * * *
The steam dragon claws you but does no damage.
The steam dragon breathes steam at you. The ball of steam hits you.
* * * LOW HITPOINT WARNING * * *
You are engulfed in a cloud of scalding steam.
You die...
Your body glows slightly and disappears.

##...#.....#
#....$
#.###.....<#
#.#..# #.#
#......# #....##
..###......#
#.....
.#...#.....# #....
.###########
#^#.###.# .#
#########.§§D...#
.#
#.......###§#####
.# #.#####.###@#
.# #.##........#
.#####.##.##.#####
.......##.##.#
[####........# .#
########## .# .#
.#


You could see a steam dragon (catching breath).

Vanquished Creatures
  A water moccasin (D:7)
  An ice beast (D:5)
  2 sky beasts (D:6)
  A centaur (D:7)
  A phantom (D:5)
  A wyvern zombie (D:5)
  A scorpion (D:6)
  2 water moccasin skeletons
  6 killer bees (D:6)
  A centaur zombie (D:7)
  A gnoll shaman (D:6)
  3 jellies
  2 hounds
  6 iguanas
  A hound skeleton (D:3)
  20 gnolls
  8 adders
  2 shadow imps
  5 white imps
  2 ufetubi (D:6)
  An adder skeleton (D:4)
  2 adder zombies (D:5)
  4 orcs
  6 ball pythons
  4 endoplasms
  2 giant cockroaches (D:4)
  11 goblins
  4 hobgoblins
  3 quokkas
  5 bats
  7 kobolds
  7 rats
123 creatures vanquished.

Notes
Turn   | Place    | Note
-------+----------+-------------------------------------------
     0 | D:1      | siradein the Demonspawn Fighter began the quest for the
                  | Orb.
     0 | D:1      | Reached XP level 1. HP: 18/18 MP: 1/1
   328 | D:1      | Found a faded altar of an unknown god.
   380 | D:1      | Gained mutation: You have a small tail. [demonic ancestry]
   380 | D:1      | Reached XP level 2. HP: 24/24 MP: 2/2
  1352 | D:1      | Gained mutation: You regenerate a little health from kills.
                  | [demonic ancestry]
  1352 | D:1      | Reached XP level 3. HP: 26/29 MP: 3/3
  1826 | D:2      | Reached XP level 4. HP: 35/35 MP: 4/4
  2028 | D:2      | Found a sparkling altar of Nemelex Xobeh.
  2052 | D:2      | Became a worshipper of Nemelex Xobeh the Trickster
  2570 | D:3      | Reached * piety under Nemelex Xobeh
  2804 | D:3      | Reached skill level 1 in Invocations
  2810 | D:3      | Gained mutation: You regenerate health from kills. [demonic
                  | ancestry]
  2810 | D:3      | Reached XP level 5. HP: 27/42 MP: 5/5
  3498 | D:4      | Reached skill level 2 in Invocations
  3727 | D:4      | Received a gift from Nemelex Xobeh
  3969 | D:4      | Gained mutation: You are partially covered in large bone
                  | plates. (SH +4) [demonic ancestry]
  3969 | D:4      | Reached XP level 6. HP: 43/48 MP: 7/7
  4739 | D:5      | Entered Level 5 of the Dungeon
  4749 | D:5      | Reached skill level 3 in Invocations
  4750 | D:5      | Noticed an ice beast
  4767 | D:5      | Killed an ice beast
  4768 | D:5      | Gained mutation: You sometimes gain a little power by
                  | taking damage. [demonic ancestry]
  4768 | D:5      | Reached XP level 7. HP: 55/55 MP: 9/9
  4826 | D:5      | Identified the amulet of Fozasas {Spirit *Corrode *Slow
                  | +Inv rElec}
  4850 | D:5      | Found a staircase to the Ecumenical Temple.
  4901 | D:5      | Reached skill level 4 in Invocations
  5072 | D:5      | Reached ** piety under Nemelex Xobeh
  5432 | D:6      | Reached skill level 5 in Fighting
  5582 | D:6      | Reached XP level 8. HP: 28/62 MP: 11/11
  5729 | D:6      | Received a gift from Nemelex Xobeh
  5836 | D:6      | Reached skill level 5 in Invocations
  5882 | D:6      | Reached skill level 5 in Shields
  5895 | D:6      | Reached skill level 5 in Armour
  6644 | D:7      | Reached *** piety under Nemelex Xobeh
  6772 | D:7      | Found a sparkling altar of Nemelex Xobeh.
  6835 | D:7      | Reached skill level 5 in Maces & Flails
  6835 | D:7      | Reached skill level 6 in Invocations
  7006 | D:7      | Engulfed by a steam dragon's steam

Illustrated notes

Levels and vault maps discovered:
D:1:      dpeg_arrival_concentric_ovals, layout_basic,
          shapermc_ecumenical_altar_venn, chequers_serial_rivers_marsh
D:2:      layout_basic, basic_altar
D:3:      layout_basic, minmay_ruptured
D:4:      layout_loops_ring, kennysheep_boxes
D:5:      layout_loops_ring, minmay_temple_entry_grid
D:6:      layout_basic
D:7:      layout_loops_cross, nemelex_diamond_rough_becter,
          minmay_misc_feat_hallway

Skill      XL: |  1  2  3  4  5  6  7  8 |
---------------+-------------------------+-----
Maces & Flails | 2 3 4 5 |  5.0
Armour         | 3 4 5 |  5.4
Shields        | 3 4 5 |  5.4
Invocations    | 1 2 3 4 6 |  6.0
Fighting       | 4 5 |  5.9

Action                   |  1- 3 |  4- 6 |  7- 9 || total
-------------------------+-------+-------+-------++-------
Melee: Flail             |    74 |   210 |   306 ||   590
       Tailslap          |     5 |    36 |    30 ||    71
Throw: Dart              |     1 |     7 |       ||     8
Invok: Draw Destruction  |       |       |     4 ||     4
 Stab: Distracted        |       |     1 |       ||     1
Armor: Scale mail        |    28 |    79 |    94 ||   201
Dodge: Dodged            |    31 |    92 |   207 ||   330
Block: Buckler           |    20 |    63 |   169 ||   252
       Kite shield       |       |       |     7 ||     7

Table legend: (Time is in decaauts)
 A = Elapsed time spent in this place.
 B = Non-inter-level travel time spent in this place.
 C = Inter-level travel time spent in this place.
 D = Time resting spent in this place.
 E = Time spent auto-exploring this place.
 F = Levels seen in this place.
 G = Mean time per level.
                   A        B        C        D        E       F      G
               +--------+--------+--------+--------+--------+-----+--------+
         Total |   7171 |   6959 |    212 |    392 |   5220 |   7 | 1024.4 |
       Dungeon |   7171 |   6959 |    212 |    392 |   5220 |   7 | 1024.4 |
               +--------+--------+--------+--------+--------+-----+--------+

Top non-repeatable levels by time:
     D:1: 1771 daAuts
     D:4: 1415 daAuts
     D:6: 1066 daAuts
     D:3: 941 daAuts
     D:2: 712 daAuts
     D:5: 699 daAuts
     D:7: 564 daAuts
